 Dungeon Crawl Stone Soup version 0.17-a0-1939-ga475588 (webtiles) character file.

102890 MDvedh the Bludgeoner (level 16, -3/110 HPs)
             Began as a Gargoyle Wanderer on Sept 29, 2015.
             Was the Champion of Ru.
             Killed from afar by a merfolk aquamancer (25 damage)
             ... with a shard of ice
             ... on level 4 of the Shoals.
             The game lasted 01:03:05 (27479 turns).

MDvedh the Bludgeoner (Gargoyle Wanderer)          Turns: 27479, Time: 01:03:05

Health: -3/110     AC: 42    Str: 23    XL:     16   Next: 34%
Magic:  12/16      EV:  8    Int: 13    God:    Ru [******]
Gold:   1739       SH:  2    Dex: 17    Spells: 0 memorised, 15 levels left

rFire  . . .     SeeInvis .     N - +4 morningstar (vamp)
rCold  + . .     Clarity  .     n - +7 chain mail "Poicsoso" {rC+ MR+ Int-3 Dex+6}
rNeg   + . .     SustAt   .     (shield unavailable)
rPois  ∞         Gourm    .     S - +0 hat {Int+3}
rElec  +         Spirit   .     z - +0 cloak {MR+}
rCorr  .         Warding  .     W - +2 pair of gloves
rMut   .         Stasis   .     G - +2 pair of boots {run}
MR     ++++.                    H - amulet of regeneration
Stlth  ..........               D - ring of protection from magic
                                (ring unavailable)

@: exhausted, engulfed, flying, studying Armour, drained, quick, incredibly
resistant to hostile enchantments, extremely unstealthy
A: big wings, large bone plates 1, negative energy resistance 1, electricity
resistance, spit poison 1, strong 1, unbreathing, petrification resistance, rot
immunity, missing a hand, no stealth, hated by all, inability to train dodging,
no earth magic, no summoning magic, no transmutations magic, AC +11
a: Spit Poison, Stop Flying, Draw Out Power, Power Leap, Apocalypse, Renounce
Religion


You were on level 4 of the Shoals.
You worshipped Ru.
Ru was exalted by your worship.
You were full.

You visited 4 branches of the dungeon, and saw 31 of its levels.
You also visited: Labyrinth and Bailey.

You collected 2991 gold pieces.
You spent 1252 gold pieces at shops.

Inventory:

Hand weapons
 N - a +4 vampiric morningstar (weapon)
Armour
 n - the +7 chain mail "Poicsoso" (worn) {rC+ MR+ Int-3 Dex+6}
   (You found it in a labyrinth)

   It affects your intelligence (-3).
   It affects your dexterity (+6).
   It protects you from cold.
   It affects your resistance to hostile enchantments.
 z - a +0 cloak of magic resistance (worn)
 G - a +2 pair of boots of running (worn)
 S - a +0 hat of intelligence (worn)
 W - a +2 pair of gloves (worn)
Jewellery
 k - an uncursed amulet of warding
 y - an uncursed ring of protection from cold
 B - an uncursed amulet of resist corrosion
 D - a ring of protection from magic (right hand)
 H - an amulet of regeneration (around neck)
Magical devices
 p - a wand of digging (5)
 q - a wand of disintegration (19)
 t - a wand of teleportation (6)
Scrolls
 a - 4 scrolls of recharging
 c - 3 scrolls of enchant weapon
 h - 4 scrolls of remove curse
 r - 3 scrolls of blinking
 s - 2 scrolls of teleportation
 u - 3 scrolls of enchant armour
 K - a scroll of identify
 L - 3 scrolls of fog
 M - a scroll of amnesia
 Q - a scroll of fear
Potions
 d - 15 potions of curing
 f - a potion of might
 g - 3 potions of agility
 i - 2 potions of invisibility
 l - 6 potions of cure mutation
 m - 6 potions of cancellation
 w - 2 potions of resistance
 x - 2 potions of haste
 C - 2 potions of heal wounds
 F - 4 potions of magic
 P - a potion of flight
Books
 v - a manual of Armour
Miscellaneous
 A - a legendary deck of wonders {the Helix, drawn: 1}
Comestibles
 b - a royal jelly
 e - 9 bread rations
 j - 31 fruits
 o - 2 slices of pizza
 I - 4 meat rations


   Skills:
 * Level 16.1(15.4) Fighting
 + Level 19.0(18.3) Maces & Flails
 + Level 15.8(15.1) Armour
   Level 0.0 Dodging


You had 15 spell levels left.
You didn't know any spells.

Dungeon Overview and Level Annotations

Branches:
Dungeon (15/15)            Temple (0/1) D:5            Lair (8/8) D:10
 Shoals (4/4) Lair:6       Spider (0/4) Lair:5        Slime (0/6) Lair:8
    Orc (4/4) D:12            Elf (0/3) Orc:4        Vaults (0/5) D:14
 Depths (0/5) D:15

Altars:
Ashenzari
Cheibriados
Dithmenos
Gozag
Kikubaaqudgha
Makhleb
Nemelex Xobeh
Qazlal
Ru
Trog
Vehumet
The Shining One
Beogh

Shops:
D:4 %   D:8 *   D:13 (   Orc:4 }:**}   Shoals:3 *

Annotations:
D:14 exclusion: Roxanne, Roxanne
Lair:4 exclusion: 2 oklob plants
Shoals:4 Ilsuiw


Innate Abilities, Weirdness & Mutations

You are resistant to torment.
Your stone body is resilient (AC +11).
You are immune to poison.
Your large and strong wings let you fly indefinitely.
You resist negative energy.
You are resistant to electric shocks.
You can survive without breathing.
You are immune to petrification.
You are immune to rotting.
You are missing a hand.
You cannot be stealthy.
You are hated by all.
You cannot train Dodging skill.
You cannot study or cast Earth magic.
You cannot study or cast Summoning magic.
You cannot study or cast Transmutations magic.
You are partially covered in large bone plates (AC +2, SH +2).
You can spit weak poison.
Your muscles are strong. (Str +2)


Message History

The shard of ice hits you! You partially resist.
* * * LOW HITPOINT WARNING * * *
The merfolk javelineer throws a poisoned javelin.
The poisoned javelin completely misses you.
Unknown command.
You hit something but do no damage.
You are engulfed in a cloud of scalding steam.
The water elemental is engulfed in a cloud of scalding steam.
The water elemental hits you. x2
You redirect the manticore's attack!
Something hits you but does no damage.
Unknown command.
With effort, you pull free of the water engulfing you.
The water engulfing you falls away. The water elemental misses you.
The water elemental hits you.
The water elemental engulfs you in water!
Something hits you but does no damage.
The merfolk aquamancer gestures at you while chanting.
The shard of ice hits you! You partially resist.
You die...

≈≈.. .≈≈≈≈ .≈≈≈≈≈≈
.$≈≈≈≈≈ ### ..≈≈≈≈≈
#######.###..≈≈≈≈≈
#.........(.(≈≈≈≈≈
##.......E§{.≈≈≈≈≈≈
.........@EH≈≈≈≈≈≈≈
.........§m≈#≈#≈≈≈
.....(.§..≈#≈≈≈# ≈
......m≈≈?#≈≈≈≈≈#
..≈≈≈.§≈§§≈≈≈≈≈≈≈≈.
..≈≈m≈§≈§≈#≈≈≈≈≈#..
..≈$≈≈≈≈≈≈≈#≈≈≈#≈..
(..≈≈≈≈≈≈..≈#≈#≈...
..≈≈≈≈≈≈≈ ≈≈≈..≈


You could see a merfolk javelineer, a merfolk aquamancer, a manticore and 2
water elementals.

Vanquished Creatures
  Rupert (Lair:2)
  Maud (Orc:3)
  A merfolk javelineer (Shoals:4)
  Snorg (Lair:3)
  A minotaur (Lab)
  A merfolk impaler (Shoals:4)
  A vault guard (D:14)
  Josephine (D:14)
  4 catoblepae
  6 hydras
  2 merfolk aquamancers (Shoals:4)
  The ghost of PeterLawrence the Basher, an experienced MiFi of Okawaru (D:9)
  A queen ant (Lair:5)
  16 death yaks
  3 orc high priests (Orc:4)
  A tengu warrior (D:14)
  5 centaur warriors
  Nergalle (Orc:1)
  6 skeletal warriors
  A sea snake (Shoals:1)
  An unseen horror (D:10)
  5 orc knights
  Pikel (D:5)
  3 hill giants
  A sphinx zombie (D:15)
  2 harpies (Shoals:1)
  A phantasmal warrior (D:15)
  9 ugly things
  2 griffons
  A stone giant zombie (D:15)
  3 manticores
  4 orc sorcerers (Orc:4)
  2 cyclopes
  2 wolf spiders (Orc:3)
  A fire giant zombie (D:15)
  2 slime creatures (D:15)
  9 elephants
  Maurice (Orc:3)
  2 black mambas
  3 centaur zombies
  A molten gargoyle (Lair:7)
  2 sirens
  2 gargoyles
  14 spiny frogs
  2 komodo dragons
  A yaktaur (Shoals:2)
  2 fire drakes
  7 merfolk
  A troll (D:10)
  A wind drake (Shoals:3)
  A polar bear (Lair:6)
  A spriggan zombie (D:15)
  12 blink frogs
  3 deep elf magi
  2 snapping turtles
  3 redbacks
  3 trapdoor spiders
  A shadow (D:11)
  A spriggan (Lair:7)
  32 yaks
  A vampire (D:14)
  3 basilisks
  3 wyverns
  11 hippogriffs
  A human (D:8)
  A mottled dragon (D:14)
  9 wraiths
  7 wolves
  Menkaure (D:5)
  A hungry ghost (D:13)
  2 steam dragons
  4 wargs
  11 water moccasins
  5 soldier ants (Lair:5)
  A spider (Orc:3)
  42 orc warriors
  2 sky beasts (D:10)
  A black bear (Lair:4)
  12 porcupines
  4 slaves
  9 centaurs
  2 eyes of draining
  5 ice beasts
  15 ogres
  5 phantoms
  8 necrophages
  20 giant frogs
  A big kobold (D:10)
  8 crocodiles
  An earth elemental (Lab)
  6 scorpions
  23 killer bees
  26 wights
  A hound (D:11)
  2 quasits
  9 crimson imps
  4 centaur skeletons
  4 jellies
  27 orc wizards
  26 orc priests
  7 hell rats (Lair:4)
  19 worker ants
  Terence (D:2)
  4 giant frog skeletons
  6 iguanas
  A killer bee zombie (D:5)
  28 sheep
  An ogre skeleton (Lab)
  A hound zombie (D:8)
  30 river rats
  2 worker ant zombies
  11 adders
  3 oozes (Lair:8)
  A shadow imp (D:13)
  10 worms
  2 adder skeletons
  An adder zombie (D:5)
  4 giant geckos
  203 orcs
  8 bats
  8 giant cockroaches
  13 goblins
  6 hobgoblins
  13 jackals
  13 kobolds
  4 quokkas
  A giant gecko skeleton (D:4)
  3 giant newts
  A jackal skeleton (D:6)
  A quokka skeleton (D:4)
  6 rats
  4 fungi
  3 plants
945 creatures vanquished.

Vanquished Creatures (others)
  Gastronok (Lair:3)
  A fire dragon (D:12)
  An unseen horror (D:14)
  A harpy (Shoals:1)
  A necromancer (D:15)
  A griffon (Lair:7)
  An elephant (Lair:6)
  A spiny frog (Lair:7)
  A blink frog (Lair:2)
  A mottled dragon (D:13)
  2 orc warriors
  2 centaurs
  A giant frog (D:8)
  A killer bee (D:10)
  A giant frog skeleton (D:9)
  An orc priest (Orc:3)
  4 orcs
  A fungus (Lair:2)
  4 plants
27 creatures vanquished.

Grand Total: 972 creatures vanquished

Notes
Turn   | Place    | Note
--------------------------------------------------------------
     0 | D:1      | MDvedh the Gargoyle Wanderer began the quest for the Orb.
     0 | D:1      | MDvedh set off with: a +2 dagger, a scroll of blinking, a +0 ring mail, a potion of curing, a bread ration, a !bad item (cl:100,ty:0,pl:0,pl2:0,sp:0,qu:0), a !bad item (cl:100,ty:0,pl:0,pl2:0,sp:0,qu:0), a !bad item (cl:100,ty:0,pl:0,pl2:0,sp:0,qu:0), a !bad item (cl:100,ty:0,pl:0,pl2:0,sp:0,qu:0), a !bad item (cl:100,ty:0,pl:0,pl2:0,sp:0,qu:0), a !bad item (cl:100,ty:0,pl:0,pl2:0,sp:0,qu:0), a !bad item (cl:100,ty:0,pl:0,pl2:0,sp:0,qu:0), a !bad item (cl:100,ty:0,pl:0,pl2:0,sp:0,qu:0), a !bad item (cl:100,ty:0,pl:0,pl2:0,sp:0,qu:0), a !bad item (cl:100,ty:0,pl:0,pl2:0,sp:0,qu:0), a !bad item (cl:100,ty:0,pl:0,pl2:0,sp:0,qu:0), a !bad item (cl:100,ty:0,pl:0,pl2:0,sp:0,qu:0), a !bad item (cl:100,ty:0,pl:0,pl2:0,sp:0,qu:0), a !bad item (cl:100,ty:0,pl:0,pl2:0,sp:0,qu:0), a !bad item (cl:100,ty:0,pl:0,pl2:0,sp:0,qu:0), a !bad item (cl:100,ty:0,pl:0,pl2:0,sp:0,qu:0), a !bad item (cl:100,ty:0,pl:0,pl2:0,sp:0,qu:0), a !bad item (cl:100,ty:0,pl:0,pl2:0,sp:0,qu:0), a !bad item (cl:100,ty:0,pl:0,pl2:0,sp:0,qu:0), a !bad item (cl:100,ty:0,pl:0,pl2:0,sp:0,qu:0), a !bad item (cl:100,ty:0,pl:0,pl2:0,sp:0,qu:0), a !bad item (cl:100,ty:0,pl:0,pl2:0,sp:0,qu:0), a !bad item (cl:100,ty:0,pl:0,pl2:0,sp:0,qu:0), a !bad item (cl:100,ty:0,pl:0,pl2:0,sp:0,qu:0), a !bad item (cl:100,ty:0,pl:0,pl2:0,sp:0,qu:0), a !bad item (cl:100,ty:0,pl:0,pl2:0,sp:0,qu:0), a !bad item (cl:100,ty:0,pl:0,pl2:0,sp:0,qu:0), a !bad item (cl:100,ty:0,pl:0,pl2:0,sp:0,qu:0), a !bad item (cl:100,ty:0,pl:0,pl2:0,sp:0,qu:0), a !bad item (cl:100,ty:0,pl:0,pl2:0,sp:0,qu:0), a !bad item (cl:100,ty:0,pl:0,pl2:0,sp:0,qu:0), a !bad item (cl:100,ty:0,pl:0,pl2:0,sp:0,qu:0), a !bad item (cl:100,ty:0,pl:0,pl2:0,sp:0,qu:0), a !bad item (cl:100,ty:0,pl:0,pl2:0,sp:0,qu:0), a !bad item (cl:100,ty:0,pl:0,pl2:0,sp:0,qu:0), a !bad item (cl:100,ty:0,pl:0,pl2:0,sp:0,qu:0), a !bad item (cl:100,ty:0,pl:0,pl2:0,sp:0,qu:0), a !bad item (cl:100,ty:0,pl:0,pl2:0,sp:0,qu:0), a !bad item (cl:100,ty:0,pl:0,pl2:0,sp:0,qu:0), a !bad item (cl:100,ty:0,pl:0,pl2:0,sp:0,qu:0), a !bad item (cl:100,ty:0,pl:0,pl2:0,sp:0,qu:0), a !bad item (cl:100,ty:0,pl:0,pl2:0,sp:0,qu:0), a !bad item (cl:100,ty:0,pl:0,pl2:0,sp:0,qu:0), a !bad item (cl:100,ty:0,pl:0,pl2:0,sp:0,qu:0), a !bad item (cl:100,ty:0,pl:0,pl2:0,sp:0,qu:0), a !bad item (cl:100,ty:0,pl:0,pl2:0,sp:0,qu:0), a !bad item (cl:100,ty:0,pl:0,pl2:0,sp:0,qu:0)
     0 | D:1      | Reached XP level 1. HP: 10/10 MP: 1/1
   256 | D:1      | Reached XP level 2. HP: 9/15 MP: 2/2
   986 | D:1      | Reached XP level 3. HP: 11/19 MP: 3/3
  1702 | D:2      | Noticed Terence
  1997 | D:2      | Killed Terence
  1997 | D:2      | Reached XP level 4. HP: 16/24 MP: 4/4
  3361 | D:3      | Reached XP level 5. HP: 21/28 MP: 5/5
  3442 | D:3      | Found a faded altar to an unknown god.
  3460 | D:3      | Reached skill level 5 in Maces & Flails
  3468 | D:3      | Became a worshipper of Ru the Awakened
  3475 | D:3      | Gained mutation: You are missing a hand. [Ru sacrifice]
  3475 | D:3      | Acquired Ru's first power
  3475 | D:3      | Acquired Ru's second power
  3475 | D:3      | Acquired Ru's third power
  3539 | D:3      | Found a sparkling altar of Nemelex Xobeh.
  3873 | D:3      | Found a shattered altar of Ashenzari.
  4210 | D:3      | Found a glowing golden altar of the Shining One.
  4323 | D:4      | Found Uschodumm's Food Shoppe.
  4404 | D:4      | Reached XP level 6. HP: 30/32 MP: 6/6
  4504 | D:4      | Noticed a phantom
  4519 | D:4      | Found a stormy altar of Qazlal.
  4535 | D:4      | Noticed an ogre
  4624 | D:4      | Killed a phantom
  5240 | D:4      | Killed an ogre
  5240 | D:4      | Reached skill level 7 in Maces & Flails
  5266 | D:5      | Entered Level 5 of the Dungeon
  5266 | D:5      | Found a staircase to the Ecumenical Temple.
  5281 | D:5      | Noticed Pikel
  5475 | D:4      | Reached XP level 7. HP: 33/36 MP: 7/7
  5506 | D:5      | Reached skill level 8 in Maces & Flails
  5515 | D:5      | Got an ancient ring mail
  5565 | D:5      | Killed Pikel
  5565 | D:5      | Reached skill level 9 in Maces & Flails
  5565 | D:5      | Reached XP level 8. HP: 18/41 MP: 8/8
  5854 | D:5      | Reached skill level 10 in Maces & Flails
  6140 | D:5      | Gained mutation: You are hated by all. [Ru sacrifice]
  6140 | D:5      | Acquired Ru's fourth power
  6257 | D:5      | Found an opulent altar of Gozag.
  6276 | D:5      | Noticed Menkaure
  6283 | D:5      | Killed Menkaure
  6305 | D:5      | Identified the +4 ring mail of the Morning Star {rF+ MR+} (You found it on level 5 of the Dungeon)
  6505 | D:5      | Found an ancient bone altar of Kikubaaqudgha.
  6941 | D:6      | Reached skill level 11 in Maces & Flails
  7151 | D:6      | Reached XP level 9. HP: 40/45 MP: 9/9
  7624 | D:6      | Found a radiant altar of Vehumet.
  7964 | D:7      | Reached skill level 12 in Maces & Flails
  8247 | D:7      | Reached skill level 13 in Maces & Flails
  8276 | D:7      | Gained mutation: You cannot be stealthy. [Ru sacrifice]
  8276 | D:7      | Acquired Ru's fifth power
  8440 | D:7      | Reached XP level 10. HP: 50/50 MP: 10/10
  8695 | D:8      | Reached skill level 1 in Dodging
  8883 | D:8      | Found a snail-covered altar of Cheibriados.
  8920 | D:8      | Found Suceklur's Assorted Antiques.
  8980 | D:8      | Bought a metallic green potion for 33 gold pieces
  8980 | D:8      | Bought 2 amethyst potions for 66 gold pieces
  8980 | D:8      | Bought a golden potion for 33 gold pieces
  8980 | D:8      | Bought a pair of embroidered boots for 166 gold pieces
  8990 | D:8      | Identified a +2 pair of boots of running (You bought it in a shop on level 8 of the Dungeon)
  9447 | D:8      | Reached skill level 14 in Maces & Flails
  9471 | D:8      | Found a shadowy altar of Dithmenos.
 10132 | D:9      | Found a bloodstained altar of Trog.
 10482 | D:9      | Gained mutation: You cannot train Dodging skill. [Ru sacrifice]
 10523 | D:9      | Found a burning altar of Makhleb.
 10600 | D:9      | Noticed PeterLawrence's ghost (experienced MiFi)
 10658 | D:9      | Killed PeterLawrence's ghost
 10658 | D:9      | Reached XP level 11. HP: 47/54 MP: 11/11
 10755 | D:10     | Entered Level 10 of the Dungeon
 10904 | D:10     | Gained mutation: You can spit weak poison. [potion of mutation]
 10904 | D:10     | Gained mutation: You are partially covered in large bone plates (AC +2, SH +2). [potion of mutation]
 10904 | D:10     | Gained mutation: Your muscles are strong. (Str +2) [potion of mutation]
 10995 | D:10     | Found a staircase to the Lair.
 11018 | D:10     | Reached skill level 15 in Maces & Flails
 11060 | D:10     | Killed an unseen horror
 11393 | D:10     | Found a roughly hewn altar of Beogh.
 11825 | D:11     | Found a labyrinth entrance.
 11843 | Lab      | Entered a labyrinth
 11922 | Lab      | Got a spiked chain mail
 12087 | Lab      | Identified the +7 chain mail "Poicsoso" {rC+ MR+ Int-3 Dex+6} (You found it in a labyrinth)
 12177 | Lab      | Noticed a minotaur
 12184 | Lab      | Noticed a centaur warrior
 12186 | Lab      | Killed a minotaur
 12186 | Lab      | Killed an unseen horror
 12186 | Lab      | Killed a centaur warrior
 12342 | D:11     | Found a roughly hewn altar of Beogh.
 12543 | D:11     | Reached skill level 16 in Maces & Flails
 12543 | D:11     | Reached skill level 10 in Armour
 12830 | Lair:1   | Entered Level 1 of the Lair of Beasts
 12935 | Lair:1   | Reached XP level 12. HP: 55/59 MP: 12/12
 13113 | Lair:1   | Got an encrusted ring mail
 13124 | Lair:1   | Identified the cursed +0 ring mail of Inquiry {rElec rPois rF+ Regen+} (You found it on level 1 of the Lair of Beasts)
 13138 | Lair:1   | Gained mutation: You cannot study or cast Earth magic. [Ru sacrifice]
 13138 | Lair:1   | Gained mutation: You cannot study or cast Transmutations magic. [Ru sacrifice]
 13138 | Lair:1   | Gained mutation: You cannot study or cast Summoning magic. [Ru sacrifice]
 13142 | Lair:1   | Noticed a seven-headed hydra
 13150 | Lair:1   | Killed a seven-headed hydra
 13749 | Lair:2   | Noticed a four-headed hydra
 13841 | Lair:2   | Reached skill level 1 in Fighting
 14099 | Lair:2   | Killed a four-headed hydra
 14667 | Lair:3   | Found a burning altar of Makhleb.
 14668 | Lair:3   | Noticed Snorg
 14681 | Lair:3   | Killed Snorg
 14681 | Lair:3   | Reached skill level 5 in Fighting
 14683 | Lair:3   | Noticed a seven-headed hydra
 14743 | Lair:2   | Killed a seven-headed hydra
 14821 | Lair:3   | Noticed Rupert
 14843 | Lair:3   | Noticed Gastronok
 14907 | Lair:2   | Killed Rupert
 14907 | Lair:2   | Reached skill level 17 in Maces & Flails
 14907 | Lair:2   | Reached XP level 13. HP: 47/76 MP: 6/13
 14953 | Lair:3   | Killed Gastronok
 15959 | Lair:4   | Identified a scroll of acquirement
 16877 | Lair:5   | Found a hole to the Spider Nest.
 16918 | Lair:5   | Reached skill level 10 in Fighting
 17793 | Lair:6   | Gained mutation: Your large and strong wings let you fly indefinitely. [Gargoyle growth]
 17793 | Lair:6   | Reached XP level 14. HP: 88/88 MP: 14/14
 17817 | Lair:6   | Found a staircase to the Shoals.
 18550 | Lair:7   | Found a dark tunnel.
 19041 | Lair:8   | Entered Level 8 of the Lair of Beasts
 19220 | Lair:8   | Found a staircase to the Slime Pits.
 19486 | Lair:8   | Reached skill level 18 in Maces & Flails
 20150 | Lair:1   | Noticed a four-headed hydra
 20159 | Lair:1   | Killed a four-headed hydra
 20678 | D:12     | Found a staircase to the Orcish Mines.
 21074 | Orc:1    | Entered Level 1 of the Orcish Mines
 21148 | Orc:1    | Noticed Nergalle
 21157 | Orc:1    | Killed Nergalle
 21202 | Orc:1    | Found a roughly hewn altar of Beogh.
 21394 | Orc:2    | Reached XP level 15. HP: 99/99 MP: 15/15
 21874 | Orc:3    | Noticed Maurice
 21888 | Orc:3    | Killed Maurice
 22043 | Orc:3    | Found a roughly hewn altar of Beogh.
 22430 | Orc:3    | Noticed Maud
 22446 | Orc:3    | Killed Maud
 22488 | Orc:3    | Found a roughly hewn altar of Beogh.
 22710 | Orc:4    | Entered Level 4 of the Orcish Mines
 23041 | Orc:4    | Found Huler's Gadget Boutique.
 23054 | Orc:4    | Found a staircase to the Elven Halls.
 23411 | Orc:4    | Found Ritudez's Assorted Antiques.
 23411 | Orc:4    | Found Boustrut's Assorted Antiques.
 23435 | Orc:4    | Found Zostatev's Gadget Emporium.
 23436 | Orc:4    | Found Duroazxau's Book Emporium.
 23446 | Orc:4    | Bought a scroll labeled BOEPNA EQESEI for 33 gold pieces
 23460 | Orc:4    | Bought a moonstone ring for 110 gold pieces
 23460 | Orc:4    | Bought a potion of curing for 66 gold pieces
 23460 | Orc:4    | Bought a potion of curing for 66 gold pieces
 23472 | Orc:4    | Bought a potion of heal wounds for 165 gold pieces
 23472 | Orc:4    | Bought a pair of glowing gloves for 148 gold pieces
 23472 | Orc:4    | Bought a scroll of identify for 66 gold pieces
 23787 | D:13     | Found Xosai's Weapon Boutique.
 24213 | D:14     | Found a flagged portal.
 24226 | Bailey   | Entered a bailey
 24957 | D:14     | Reached skill level 15 in Fighting
 24964 | D:14     | Found a gate to the Vaults.
 25035 | D:14     | Noticed Roxanne
 25115 | D:14     | Noticed Josephine
 25132 | D:14     | Killed Josephine
 25638 | D:14     | Reached skill level 15 in Armour
 25918 | D:15     | Entered Level 15 of the Dungeon
 26017 | D:15     | Found a sacrificial altar of Ru.
 26160 | D:15     | Reached XP level 16. HP: 108/108 MP: 16/16
 26331 | D:15     | Found a staircase to the Depths.
 26544 | D:15     | Got a heavily runed ring mail
 26571 | D:15     | Identified the +4 ring mail of Insecurity {rC+} (You found it on level 15 of the Dungeon)
 26905 | Shoals:1 | Entered Level 1 of the Shoals
 26995 | Shoals:1 | Reached skill level 19 in Maces & Flails
 27260 | Shoals:3 | Found Teowk's General Store.
 27307 | Shoals:3 | Bought a potion of heal wounds for 60 gold pieces
 27307 | Shoals:3 | Bought an uncursed amulet of resist corrosion for 240 gold pieces
 27317 | Shoals:4 | Entered Level 4 of the Shoals
 27319 | Shoals:4 | Noticed Ilsuiw
 27479 | Shoals:4 | Killed from afar by a merfolk aquamancer

Vault maps used:
D:1:      wheals_arrival_shading, minmay_hedge_maze
D:2:      minmay_misc_feat_four_crosses, hex_medium, uniq_terence
D:3:      ashenzari_conservatory_becter, nicolae_tso_swordbearing_angel,
          nicolae_overflow_crystal_walls, ecumenical_altar_1
D:4:      kennysheep_mini_moat, serial_shops, shop, nrook_mini_vaults
D:5:      nicolae_gozag_cash_rules_everything_around_me, kennysheep_little_box,
          minmay_temple_entry_butterflies, first_bread,
          minmay_misc_feat_hallway, minmay_misc_feat_columns, dk_noncrumbling_4,
          uniq_pikel, uniq_menkaure
D:6:      overflow_temple_1_default
D:7:      minivault_11
D:8:      nicolae_dithmenos_through_a_glass_darkly, lemuel_crystal_altar,
          serial_shops, nicolae_shop_overgrown_old_shop, grunt_livestock,
          minivault_27
D:9:      makhleb_grotto_becter, lemuel_round_altar
D:10:     minmay_lair_entry_lava, special_room
D:11:     lab_entry_generic
D:12:     david_orc_3
D:13:     serial_shops, nicolae_shop_stone
D:14:     david_vaults_5, roderic_digamma_sauvastika, enter_bailey_3,
          uniq_josephine, uniq_roxanne
D:15:     gammafunk_depths_entry_grave, basic_altar, spider_trap
Lair:1:   st_stairs_12, eino_small_chamber_without_monster,
          grunt_forest_large_clearings, grunt_megastairs_1
Lair:2:   roderic_carrion_pond
Lair:3:   basic_altar, uniq_gastronok, uniq_rupert, uniq_snorg
Lair:4:   minivault_26, dpeg_oklob_1, infiniplex_staircase_pool,
          lemuel_fruit_fields, grunt_megastairs_2, lemuel_fruit_tree
Lair:5:   spider_nest_entry_rubble, st_stairs_13, minmay_another_anthill
Lair:6:   minmay_shoals_entry_lonely_mermaid, serial_bayou_shore_a,
          bh_autumn_forest_stairs
Lair:7:   lightli_volcano_entry_magma_tube, grunt_forest_large_clearing_hut
Lair:8:   evilmike_catoblepas_cave, nicolae_slime_entry_slimehenge,
          serial_bayou_shore_b
Shoals:2: yaktaur_hedge
Shoals:3: cheibrodos_shoals_oceanic_diplomacy, nicolae_shoals_c_island
Shoals:4: portal_ice_cave_entry_ice_statue_02, serial_shops, bzr_entry_water,
          shoals_end_simple, shoal_ilsuiw, uniq_jorgrun
Orc:1:    mines2_david, uniq_nergalle, uniq_fannar
Orc:3:    nicolae_orc_accident_3, basic_altar, nicolae_orc_pool_cavern,
          minmay_orc_temple_a, uniq_maurice, uniq_maud
Orc:4:    st_orc_elflike, serial_shops, shop
Lab:      lab_statue, labyrinth_glass_1, nicolae_lab_diamond, nicolae_lab_plus
Bailey:   bailey_polearm_2, bailey

Action                   |  1- 3 |  4- 6 |  7- 9 | 10-12 | 13-15 | 16-18 || total
-------------------------+-------+-------+-------+-------+-------+-------++-------
Melee: Dagger            |    61 |       |       |       |       |       ||    61
       Mace              |    84 |   226 |       |       |       |       ||   310
       Flail             |       |   154 |   300 |       |       |       ||   454
       Whip              |       |       |    73 |       |       |       ||    73
       Morningstar       |       |       |    51 |   966 |  2018 |   264 ||  3299
Invok: Sacrifice a Hand  |       |     1 |       |       |       |       ||     1
       Draw Out Power    |       |     2 |     3 |     1 |       |       ||     6
       Power Leap        |       |       |     2 |     5 |     3 |     2 ||    12
       Sacrifice Love    |       |       |     1 |       |       |       ||     1
       Apocalypse        |       |       |     1 |     5 |     1 |     1 ||     8
       Sacrifice Stealth |       |       |     1 |       |       |       ||     1
       Sacrifice Nimblen |       |       |       |     1 |       |       ||     1
       Sacrifice Arcana  |       |       |       |     1 |       |       ||     1
 Abil: Fly               |       |       |       |       |     1 |     1 ||     2
       Stop Flying       |       |       |       |       |     1 |       ||     1
Evoke: Wand              |       |       |       |       |     5 |       ||     5
       Deck              |       |       |       |       |     1 |       ||     1
  Use: Scroll            |     1 |     7 |     3 |    20 |    14 |     6 ||    51
       Potion            |       |     1 |       |     2 |       |     1 ||     4
 Stab: Sleeping          |     1 |       |       |       |       |       ||     1
       Invisible         |       |     1 |     3 |    20 |    33 |       ||    57
       Distracted        |       |       |       |    10 |    12 |       ||    22
       Paralysed         |       |       |       |     7 |     6 |     2 ||    15
       Petrified         |       |       |       |       |     4 |       ||     4
  Eat: Chunk             |     3 |    12 |     3 |     6 |     6 |       ||    30
       Meat ration       |       |       |     1 |     1 |     2 |     1 ||     5
       Beef jerky        |       |       |     1 |     3 |     3 |       ||     7
       Pizza             |       |       |     1 |       |     5 |     3 ||     9
       Royal jelly       |       |       |       |     1 |       |       ||     1
       Bread ration      |       |       |       |     1 |     3 |       ||     4
